SAL
KANNAPOLIS INTIMIDATORS @ LEXINGTON LEGENDS
09/18/2108
 
TOP OF THE 1ST
Kannapolis Intimidators batting - Pitching for Lexington Legends : RHP Jose Vasques
Pitching: RHP Jose Vasques
Batting: LHB Ryan Coates 0-0: Foul Ball, location: 3F
0-1: SINGLE (Line Drive, 5D, EV 94.4 MPH)
Batting: LHB Pat Yaeger 0-0: Called Strike
0-1: Swinging Strike
0-2: Fielders Choice at 2nd, 4-6 (Groundball, 34, EV 88.1 MPH)
Batting: RHB Joey Simpson 0-0: Fielders Choice at 2nd, 6-4 (Groundball, 6, EV 82.5 MPH)
Batting: LHB Josh Phillips 0-0: SINGLE (Line Drive, 8RS, EV 98.1 MPH)
Joey Simpson to second
Batting: RHB Steve Hostler 0-0: Ball
1-0: Foul Ball, location: 23FF
1-1: Ground out 4-3 (Groundball, 4, EV 86.3 MPH)
Top of the 1st over - 0 runs, 2 hits, 0 errors, 2 left on base; Kannapolis 0 - Lexington 0
BOTTOM OF THE 1ST
Lexington Legends batting - Pitching for Kannapolis Intimidators : RHP David Fuentes
Pitching: RHP David Fuentes
Batting: LHB Bob Hair 0-0: Called Strike
0-1: Foul Ball, location: 2F
0-2: Ground out U3 (Groundball, 3S, EV 75.6 MPH)
Batting: LHB Zach Kennard 0-0: Fly out, F8 (Flyball, 8RD, EV 105.6 MPH)
Batting: RHB Antonio Ventura 0-0: Ball
1-0: Swinging Strike
1-1: Fly out, F4 (Popup, 3S, EV 72.5 MPH)
Bottom of the 1st over - 0 runs, 0 hits, 0 errors, 0 left on base; Kannapolis 0 - Lexington 0
TOP OF THE 2ND
Kannapolis Intimidators batting - Pitching for Lexington Legends : RHP Jose Vasques
Batting: LHB David Shank 0-0: Ball
1-0: Called Strike
1-1: Ball
2-1: Foul Ball, location: 5F
2-2: Hit by Pitch
Batting: LHB Al Gatlin 0-0: Ball
1-0: Called Strike
1-1: Swinging Strike
1-2: Foul Ball, location: 2F
1-2: Ball
2-2: Foul Ball, location: 5FF
2-2: Ball
3-2: Strikes out swinging
Batting: RHB Tim Starks 0-0: Fly out, F4 (Line Drive, 4, EV 68.8 MPH)
Lined into DP, 4-3 (Line Drive, 4, EV 68.8 MPH)
Top of the 2nd over - 0 runs, 0 hits, 0 errors, 0 left on base; Kannapolis 0 - Lexington 0
BOTTOM OF THE 2ND
Lexington Legends batting - Pitching for Kannapolis Intimidators : RHP David Fuentes
Batting: RHB Luis de Leon 0-0: SINGLE (Line Drive, 7LS, EV 86.3 MPH)
Pitching: LHP Pat Cerniglia
Batting: SHB Melvin Pereira 0-0: Ball
1-0: Fly out, F5 (Line Drive, 5, EV 68.1 MPH)
Batting: LHB Jake Howard 0-0: Foul Ball, location: 7LMF
0-1: Hit by Pitch
Luis de Leon to second
Batting: RHB Will Gilmore 0-0: SINGLE (Line Drive, 34D, EV 101.9 MPH)
Luis de Leon to third
Jake Howard to second
Batting: SHB Rafael Avila 0-0: Ball
1-0: Ball
2-0: Ball
3-0: Called Strike
3-1: Called Strike
3-2: Strikes out looking
Batting: RHB Guillermo Rivera 0-0: Called Strike
0-1: Called Strike
0-2: Strikes out looking
Bottom of the 2nd over - 0 runs, 2 hits, 0 errors, 3 left on base; Kannapolis 0 - Lexington 0
TOP OF THE 3RD
Kannapolis Intimidators batting - Pitching for Lexington Legends : RHP Jose Vasques
Batting: LHB Danny Schneider 0-0: Ball
1-0: Foul Ball, location: 2F
1-1: Swinging Strike
1-2: Strikes out swinging
Batting: LHB Ryan Coates 0-0: Ball
1-0: Foul Ball, location: 2F
1-1: Ball
2-1: Fly out, F7 (Line Drive, 7, EV 90.0 MPH)
Batting: LHB Pat Yaeger 0-0: Ball
1-0: Swinging Strike
1-1: Ground out 5-3 (Groundball, 56, EV 100.0 MPH)
Top of the 3rd over - 0 runs, 0 hits, 0 errors, 0 left on base; Kannapolis 0 - Lexington 0
BOTTOM OF THE 3RD
Lexington Legends batting - Pitching for Kannapolis Intimidators : LHP Pat Cerniglia
Batting: LHB Bob Hair 0-0: Called Strike
0-1: Ball
1-1: Ball
2-1: Swinging Strike
2-2: Foul Ball, location: 25FF
2-2: Foul Ball, location: 2F
2-2: Foul Ball, location: 5SF
2-2: SINGLE (Groundball, 4MD, EV 99.4 MPH)
Batting: LHB Zach Kennard 0-0: Ball
1-0: Swinging Strike
1-1: Ball
2-1: Called Strike
Bob Hair steals 2nd base
2-2: Strikes out swinging
Batting: RHB Antonio Ventura 0-0: Called Strike
Bob Hair steals 3rd base
0-1: Ball
Wild Pitch!
Bob Hair scores
1-1: Ball
2-1: Called Strike
2-2: Fly out, F3 (Popup, 23F, EV 86.9 MPH)
Batting: RHB Luis de Leon 0-0: Ball
1-0: Ground out 6-3 (Groundball, 6, EV 94.4 MPH)
Bottom of the 3rd over - 1 run, 1 hit, 0 errors, 0 left on base; Kannapolis 0 - Lexington 1
TOP OF THE 4TH
Kannapolis Intimidators batting - Pitching for Lexington Legends : RHP Jose Vasques
Batting: RHB Joey Simpson 0-0: SINGLE (Line Drive, 7LS, EV 106.9 MPH)
Batting: LHB Josh Phillips 0-0: Ball
1-0: Ball
2-0: Fielders Choice at 2nd, 3-6 (Groundball, 3, EV 84.4 MPH)
Batting: RHB Steve Hostler 0-0: Called Strike
0-1: Ball
1-1: Ball
2-1: Foul Ball, location: 2F
2-2: Ball
3-2: Base on Balls
Josh Phillips to second
Batting: LHB David Shank 0-0: Fly out, F8 (Flyball, 8RD, EV 91.9 MPH)
Batting: LHB Al Gatlin 0-0: Called Strike
0-1: Called Strike
0-2: Ball
1-2: Strikes out swinging
Top of the 4th over - 0 runs, 1 hit, 0 errors, 2 left on base; Kannapolis 0 - Lexington 1
BOTTOM OF THE 4TH
Lexington Legends batting - Pitching for Kannapolis Intimidators : LHP Pat Cerniglia
Batting: SHB Melvin Pereira 0-0: Ball
1-0: Swinging Strike
1-1: Foul Ball, location: 2F
1-2: Strikes out swinging
Batting: LHB Jake Howard 0-0: Ball
1-0: Foul Ball, location: 9LMF
1-1: Called Strike
1-2: Ball
2-2: Strikes out swinging
Batting: RHB Will Gilmore 0-0: Ball
1-0: Ball
2-0: Called Strike
2-1: Fly out, F7 (Line Drive, 7, EV 86.9 MPH)
Bottom of the 4th over - 0 runs, 0 hits, 0 errors, 0 left on base; Kannapolis 0 - Lexington 1
TOP OF THE 5TH
Kannapolis Intimidators batting - Pitching for Lexington Legends : RHP Jose Vasques
Batting: RHB Tim Starks 0-0: Ball
1-0: Ball
2-0: Called Strike
2-1: Swinging Strike
2-2: Ground out 5-3 (Groundball, 56, EV 87.5 MPH)
Batting: LHB Danny Schneider 0-0: Called Strike
0-1: Swinging Strike
0-2: DOUBLE (Line Drive, 89XD, EV 106.9 MPH)
Batting: LHB Ryan Coates 0-0: Ball
1-0: Fly out, F8 (Flyball, 78D, EV 104.4 MPH)
Batting: LHB Pat Yaeger 0-0: Called Strike
0-1: DOUBLE (Groundball, 5L, EV 95.0 MPH)
Danny Schneider scores
Batting: RHB Joey Simpson 0-0: TRIPLE (Flyball, 9LD, EV 106.3 MPH)
Pat Yaeger scores
Batting: LHB Josh Phillips 0-0: Called Strike
0-1: 2-RUN HOME RUN (Flyball, 7D, EV 98.1 MPH), Distance : 371 ft
Batting: RHB Steve Hostler 0-0: Ball
1-0: Ball
2-0: Ball
3-0: Called Strike
3-1: DOUBLE (Line Drive, 9LM, EV 98.8 MPH)
Batting: LHB David Shank 0-0: Ball
1-0: Ball
2-0: SINGLE (Groundball, 6MD, EV 97.5 MPH)
Steve Hostler to third
Runner from 3rd tries for Home, SAFE, throw by CF to home
David Shank to second
Pitching: RHP Arturo Vidal
Batting: LHB Al Gatlin 0-0: Called Strike
0-1: Ball
1-1: Swinging Strike
1-2: Ball
2-2: Foul Ball, location: 2LF
2-2: Strikes out looking
Top of the 5th over - 5 runs, 6 hits, 0 errors, 1 left on base; Kannapolis 5 - Lexington 1
BOTTOM OF THE 5TH
Lexington Legends batting - Pitching for Kannapolis Intimidators : LHP Pat Cerniglia
Batting: SHB Rafael Avila 0-0: Foul Ball, location: 23FF
0-1: Called Strike
0-2: Ball
1-2: Strikes out looking
Batting: RHB Guillermo Rivera 0-0: Called Strike
0-1: Swinging Strike
0-2: Foul Ball, location: 2F
0-2: Ball
1-2: Ball
2-2: Ball
3-2: Foul Ball, location: 3FF
3-2: Base on Balls
Batting: LHB Bob Hair 0-0: Called Strike
0-1: Ball
1-1: Ball
Wild Pitch!
Guillermo Rivera to second
2-1: Ball
3-1: Called Strike
3-2: Ground out 6-3 (Groundball, 56, EV 102.5 MPH)
Pitching: LHP Jason Gilbert
Batting: LHB Zach Kennard 0-0: Called Strike
0-1: Ball
1-1: Called Strike
1-2: Fly out, F8 (Line Drive, 8LM, EV 95.0 MPH)
Bottom of the 5th over - 0 runs, 0 hits, 0 errors, 1 left on base; Kannapolis 5 - Lexington 1
TOP OF THE 6TH
Kannapolis Intimidators batting - Pitching for Lexington Legends : RHP Arturo Vidal
Batting: RHB Tim Starks 0-0: Ground out U3 (Groundball, 34, EV 101.9 MPH)
Batting: LHB Danny Schneider 0-0: Ball
1-0: Ground out 4-3 (Groundball, 34D, EV 100.0 MPH)
Batting: LHB Ryan Coates 0-0: Ball
1-0: Called Strike
1-1: Foul Ball, location: 7LDF
1-2: Ball
2-2: Foul Ball, location: 2F
2-2: Ball
3-2: SINGLE (Line Drive, 6D, EV 100.6 MPH)
Batting: LHB Pat Yaeger 0-0: Called Strike
0-1: Ball
1-1: Called Strike
Ryan Coates steals 2nd base
1-2: Strikes out looking
Top of the 6th over - 0 runs, 1 hit, 0 errors, 1 left on base; Kannapolis 5 - Lexington 1
BOTTOM OF THE 6TH
Lexington Legends batting - Pitching for Kannapolis Intimidators : LHP Jason Gilbert
Batting: RHB Antonio Ventura 0-0: Ball
1-0: SOLO HOME RUN (Flyball, 8LXD, EV 112.5 MPH), Distance : 438 ft
Batting: RHB Luis de Leon 0-0: SINGLE (Groundball, 6D, EV 97.5 MPH)
Batting: SHB Melvin Pereira 0-0: Ball
1-0: Ball
2-0: Ball
3-0: Called Strike
3-1: SINGLE (Line Drive, 34D, EV 101.9 MPH)
Luis de Leon to second
Batting: LHB Jake Howard 0-0: Called Strike
0-1: Called Strike
0-2: Ball
1-2: Ball
2-2: Foul Ball, location: 2F
2-2: SINGLE (Line Drive, 89M, EV 104.4 MPH)
Luis de Leon to third
Melvin Pereira to second
Runner from 3rd tries for Home, SAFE, throw by RF to home
Melvin Pereira to third
Jake Howard to second
Batting: RHB Will Gilmore 0-0: Ball
1-0: Called Strike
1-1: Ball
2-1: Swinging Strike
2-2: DOUBLE (Groundball, 5L, EV 103.8 MPH)
Melvin Pereira scores
Jake Howard scores
Pitching: RHP John Clark
Batting: SHB Rafael Avila 0-0: Ball
1-0: Ball
2-0: Ball
3-0: Base on Balls
Batting: RHB Guillermo Rivera 0-0: Ball
1-0: Called Strike
1-1: Ball
2-1: Fly out, F9 (Flyball, 9, EV 98.8 MPH)
Batting: LHB Bob Hair 0-0: SINGLE (Line Drive, 7S, EV 96.3 MPH)
Will Gilmore to third
Rafael Avila to second
Batting: LHB Zach Kennard 0-0: Called Strike
0-1: Foul Ball, location: 5F
0-2: Ball
1-2: Foul Ball, location: 5F
1-2: Strikes out swinging
Batting: RHB Antonio Ventura 0-0: Ball
1-0: Fly out, F7 (Flyball, 7LS, EV 80.0 MPH)
Bottom of the 6th over - 4 runs, 6 hits, 0 errors, 3 left on base; Kannapolis 5 - Lexington 5
TOP OF THE 7TH
Kannapolis Intimidators batting - Pitching for Lexington Legends : RHP Arturo Vidal
Batting: RHB Joey Simpson 0-0: Called Strike
0-1: Swinging Strike
0-2: Ball
1-2: Ball
2-2: Ball
3-2: Foul Ball, location: 2F
3-2: Strikes out swinging
Pitching: LHP Jae-keol Kahng
Batting: LHB Josh Phillips 0-0: DOUBLE (Line Drive, 89D, EV 107.5 MPH)
Pitching: RHP Trystão Caparica
Batting: RHB Steve Hostler 0-0: Swinging Strike
0-1: Ball
1-1: Foul Ball, location: 2F
1-2: Strikes out looking
Batting: LHB David Shank 0-0: Ball
1-0: Ball
2-0: Ball
3-0: Called Strike
3-1: Fly out, F4 (Line Drive, 4D, EV 73.8 MPH)
Top of the 7th over - 0 runs, 1 hit, 0 errors, 1 left on base; Kannapolis 5 - Lexington 5
BOTTOM OF THE 7TH
Lexington Legends batting - Pitching for Kannapolis Intimidators : RHP John Clark
Batting: RHB Luis de Leon 0-0: SINGLE (Groundball, 6MD, EV 105.0 MPH)
Batting: SHB Melvin Pereira 0-0: Called Strike
0-1: Called Strike
0-2: Strikes out looking
Batting: LHB Jake Howard 0-0: Foul Ball, location: 2F
0-1: Ball
1-1: Foul Ball, location: 2F
1-2: Strikes out looking
Batting: RHB Will Gilmore 0-0: Called Strike
0-1: Called Strike
0-2: Foul Ball, location: 5DF
0-2: Foul Ball, location: 2F
0-2: Foul Ball, location: 5FF
0-2: Strikes out swinging
Bottom of the 7th over - 0 runs, 1 hit, 0 errors, 1 left on base; Kannapolis 5 - Lexington 5
TOP OF THE 8TH
Kannapolis Intimidators batting - Pitching for Lexington Legends : RHP Trystão Caparica
Batting: LHB Al Gatlin 0-0: Ball
1-0: Ground out 4-3 (Groundball, 4, EV 92.5 MPH)
Pinch Hitting: LHB Mike Richard 0-0: Fly out, F7 (Line Drive, 7S, EV 91.3 MPH)
Batting: LHB Danny Schneider 0-0: Called Strike
0-1: Foul Ball, location: 2F
0-2: Strikes out swinging
Top of the 8th over - 0 runs, 0 hits, 0 errors, 0 left on base; Kannapolis 5 - Lexington 5
BOTTOM OF THE 8TH
Lexington Legends batting - Pitching for Kannapolis Intimidators : RHP John Clark
Now at C: Caleb Torres
Batting: SHB Rafael Avila 0-0: Ball
1-0: Ball
2-0: Ball
3-0: Called Strike
3-1: DOUBLE (Line Drive, 78XD, EV 102.5 MPH)
Pinch Hitting: LHB Jordan Sanchez 0-0: Intentional Walk
Pinch Hitting: RHB Hector Salazar 0-0: Foul Ball, location: 3SF
0-1: Foul Ball, location: 25F
0-2: Foul Ball, location: 2F
0-2: Foul Ball, location: 5FF
0-2: Foul Ball, location: 9LDF
0-2: Ball
1-2: Ball
2-2: SINGLE (Groundball, 56, EV 96.9 MPH)
Rafael Avila to third
Jordan Sanchez to second
Batting: LHB Zach Kennard 0-0: Foul Ball, location: 2F
0-1: Swinging Strike
0-2: Ball
1-2: Strikes out swinging
Batting: RHB Antonio Ventura 0-0: Called Strike
0-1: Ball
1-1: Foul Ball, location: 7LMFF
1-2: Strikes out swinging
Batting: RHB Luis de Leon 0-0: Ball
1-0: Ball
2-0: Called Strike
2-1: SINGLE (Line Drive, 89M, EV 88.1 MPH)
Rafael Avila scores
Jordan Sanchez to third
Hector Salazar to second
Runner from 3rd tries for Home, SAFE, throw by RF to home
Hector Salazar to third
Luis de Leon to second
Pitching: RHP Jorge Gomez
Batting: SHB Melvin Pereira 0-0: Fly out, F9 (Line Drive, 9S, EV 90.6 MPH)
Bottom of the 8th over - 2 runs, 3 hits, 0 errors, 2 left on base; Kannapolis 5 - Lexington 7
TOP OF THE 9TH
Kannapolis Intimidators batting - Pitching for Lexington Legends : RHP Trystão Caparica
Now at C: Zack Fredrickson
Now at 3B: Luis de Leon
Now at SS: Kyle Yerger
Now in LF: Shane Watrous
Batting: LHB Ryan Coates 0-0: Ball
1-0: Fly out, F7 (Flyball, 7LSF, EV 93.1 MPH)
Batting: LHB Pat Yaeger 0-0: Foul Ball, location: 7LMF
0-1: Ball
1-1: Ball
2-1: Foul Ball, location: 2F
2-2: Foul Ball, location: 2F
2-2: Strikes out looking
Batting: RHB Joey Simpson 0-0: Ball
1-0: Called Strike
1-1: Ball
2-1: Foul Ball, location: 2F
2-2: Ball
3-2: Fly out, F7 (Line Drive, 7, EV 93.8 MPH)
Top of the 9th over - 0 runs, 0 hits, 0 errors, 0 left on base; Kannapolis 5 - Lexington 7
Thursday, March 27th , 2025 - OOTP Baseball 25.11 Build 104